 Dungeon Crawl Stone Soup version 0.14-a0-942-gbd853f2 (webtiles) character file.

124 Bloax the Chopper (level 3, -2/29 HPs)
             Began as a Formicid Berserker on Nov 19, 2013.
             Was a Believer of Trog.
             Succumbed to poison (a potion of poison)
             ... on Level 3 of the Dungeon.
             The game lasted 00:05:19 (845 turns).

Bloax the Chopper (Formicid Berserker)               Turns: 845, Time: 00:05:19

HP  -2/29        AC 15     Str 22      XL: 3   Next: 79%
MP   2/2         EV  5     Int  6      God: Trog [**....]
Gold 89          SH  0     Dex 10      Spells:  0 memorised,  2 levels left

Res.Fire  : . . .   See Invis. : +   m - -2 dwarf war axe
Res.Cold  : . . .   Warding    : .   j - +2 dwarf plate armour
Life Prot.: . . .   Conserve   : .   (no shield)
Res.Poison: x       Res.Corr.  : .   (helmet unavailable)
Res.Elec. : .       Clarity    : .   (no cloak)
Sust.Abil.: . .     Spirit.Shd : .   (no gloves)
Res.Mut.  : .       Stasis     : +   (no boots)
Res.Rott. : .       Flight     : .   (no amulet)
Saprovore : . . .                    (no ring)
                                     (no ring)

@: extremely poisoned, constricted, slightly resistant to hostile enchantments,
extremely unstealthy
A: permanent stasis, dig shafts and tunnels, four strong arms, poison weakness,
antennae 3, exoskeleton 1
a: Dig, Shaft Self, Burn Spellbooks, Berserk, Trog's Hand, Renounce Religion


You were on level 3 of the Dungeon.
You worshipped Trog.
Trog was pleased with you.
You were hungry.

You visited 1 branch of the dungeon, and saw 3 of its levels.

You collected 89 gold pieces.


Innate Abilities, Weirdness & Mutations

Your are under a permanent stasis effect.
You can dig through walls and to a lower floor.
Your four strong arms can wield any weapon, most with a shield.
You are susceptible to poison.
You have a pair of large antennae on your head (SInv).
Your body is surrounded by an exoskeleton. (HP +5, AC +1)


   Skills:
 - Level 3.1 Fighting
 * Level 3.9 Axes
 + Level 2.9 Armour
 - Level 1.7 Dodging


You had 2 spell levels left.
You didn't know any spells.

Dungeon Overview and Level Annotations

Branches:
Dungeon (3/16)

Altars:
Vehumet

Inventory:

Hand weapons
 a - a +0,+0 hand axe
 m - a -2,-2 dwarven war axe (weapon)
   (You found it on level 2 of the Dungeon)
Missiles
 d - 18 poisoned needles
Armour
 j - a +2 dwarven plate armour (worn)
   (You found it on level 2 of the Dungeon)
Comestibles
 c - a bread ration
Scrolls
 b - 4 scrolls of remove curse
Potions
 e - a potion of invisibility
 g - 2 potions of cure mutation
 n - a potion of curing {unknown}

#.##..# ....#
.## ####..# #..
#.....# #.#
#.###.# #.# #.#
#.# # #.###.#
#.#
#.#######.#...#
#.#
#.S@((..#.#.###
#.#
#######(#.#.#
#.# #.....# #.#
#.##### #.# #.#
#.# #.. #.# ###
#.# #.# #.#


You could see a ball python.


Message History

You miss the adder.
The adder is almost dead.
The adder barely misses you.
You miss the adder.
The adder is severely wounded.
The adder bites you but does no damage.
You miss the adder.
The adder is severely wounded.
The adder barely misses you. The adder bites you but does no damage.
You miss the adder.
The adder is severely wounded.
The adder bites you but does no damage. The adder bites you.
Your plate armour prevents you from hitting the adder.
The adder is severely wounded.
The adder bites you but does no damage.
You miss the adder.
The adder is severely wounded.
The adder bites you but does no damage.
You hit the adder.
You kill the adder!
Trog accepts your kill.
You are feeling hungry.
You see here an adder corpse.
The adder corpse is slowly consumed by flames.
A goblin comes into view. It is wielding a runed dagger.
The goblin shouts!
The goblin unwields an uncursed runed dagger.
It stops dripping with poison.
The goblin wields a sling.
The goblin shoots a stone.
The stone misses you.
You see here a stone.
The goblin shoots a stone.
The stone hits you!
You see here a stone.
The goblin shoots a stone.
The stone hits you!
You see here a stone.
The goblin unwields an uncursed sling.
The goblin wields an uncursed dagger of venom.
It begins to drip with poison!
The goblin hits you but does no damage.
You are poisoned.
A ball python comes into view.
You closely miss the goblin.
You feel sick. The goblin hits you but does no damage.
You are more poisoned.
You hit the goblin.
You kill the goblin!
Trog accepts your kill.
You feel sick.
The ball python bites you but does no damage.
The ball python grabs you. The ball python constricts you.
You closely miss the ball python.
You feel very sick.
The ball python bites you but does no damage.
The ball python constricts you.
Unknown command.
Drink which item? (? for menu, Esc to quit)
That liquid tasted very nasty...
You are more poisoned.
It was a potion of poison.
* * * LOW HITPOINT WARNING * * *
You feel extremely sick.
The ball python bites you but does no damage.
* * * LOW HITPOINT WARNING * * *
The ball python constricts you.
The ball python bites you but does no damage.
* * * LOW HITPOINT WARNING * * *
The ball python constricts you.
Drink which item? (? for menu, Esc to quit)
Okay, then.
Drink which item? (? for menu, Esc to quit)
Your stasis keeps you stable.
It was a potion of paralysis.
You die...

Action                   || total
-------------------------++-------
Melee: Hand axe          ||    42
       War axe           ||    41
 Abil: Dig               ||     6
  Use: Scroll            ||     5
       Potion            ||     2

Vault maps used:
D:1:      lemuel_entry_cross
D:2:      general_overflow_altar, grunt_decor_resistance, uniq_iyjb
D:3:      tgw_trog, uniq_jessica

Notes
Turn   | Place    | Note
--------------------------------------------------------------
     0 | D:1      | Bloax, the Formicid Berserker, began the quest for the Orb.
     0 | D:1      | Reached XP level 1. HP: 19/19 MP: 0/0
   330 | D:2      | Reached XP level 2. HP: 16/24 MP: 1/1
   541 | D:2      | hurdos: Hello
   543 | D:2      | Bloax: Hey.
   579 | D:2      | Reached XP level 3. HP: 27/29 MP: 2/2
   580 | D:2      | Bloax: I'm not even sure this is worse than a +0 handaxe.
   633 | D:2      | Found a radiant altar of Vehumet.
   647 | D:2      | hurdos: got down two curse toes by FS with 17% of fail :)
   649 | D:2      | Bloax: heh
   718 | D:3      | Acquired Trog's second power
   845 | D:3      | hurdos: How can it be that necromancer is without dispel undead :(
   845 | D:3      | Succumbed to poison (a potion of poison)

Vanquished Creatures
  An adder (D:3)
  A worm (D:2)
  2 orcs
  3 hobgoblins
  A quokka (D:2)
  A ball python (D:1)
  2 bats
  A giant gecko (D:2)
  2 goblins
  3 kobolds
  3 rats
20 creatures vanquished.
